AoeStats
← Joaquito

Highland

505249810Analyzed
4v4 RM · 24d ago on Sep 8, 2026· 36m 15s· 8 players
Game mode
Random Map
Map size
Large (8 player)
Population
200
Speed
Normal
Resources
Standard
Victory
Conquest
Starting age
Dark Age
Ending age
Imperial Age
RankedLock teamsTeams togetherTeam positionsShared explorationLock speedFull tech treeHidden civsTurbo modeCheats
Victory
Defeat
🇨🇱 Wu · Chile
1048
+14
🇨🇱 Turks · Chile
967
+17
🇨🇱 Chinese · Chile
949
+18
🇨🇱 Britons · Chile
948
+18
🇩🇪 Jurchens · Germany
1043
-18
🇫🇷 Armenians · France
1035
-18
🇨🇳 Georgians · China
974
-16
🇨🇿 Britons · Czechia
951
-15
Joaquito
9:38 Loom
12:06 Feudal Age
12:59 Double-Bit Axe
20:11 Castle Age
18:53 Gold Mining
19:30 Forging
19:20 Scale Mail Armor
19:34 Scale Mail Armor
19:47 Horse Collar
20:27 Arson
31:05 Wheelbarrow
30:51 Stone Mining
32:33 Chain Mail Armor
33:28 Iron Casting
34:58 Hand Cart
34:52 Squires
Arzzeus
10:32 Feudal Age
11:04 Double-Bit Axe
12:02 Fletching
13:05 Padded Archer Armor
14:07 Horse Collar
22:27 Castle Age
23:14 Bodkin Arrow
23:34 Leather Archer Armor
23:48 Heavy Plow
24:25 Gold Mining
24:58 Stone Mining
25:22 Bow Saw
24:51 Crossbowman
26:13 Wheelbarrow
26:44 Gold Shaft Mining
27:37 Hand Cart
28:31 Ballistics
35:31 Imperial Age
32:47 Loom
36:04 Yeomen
cacadecaca38
10:58 Loom
13:27 Feudal Age
14:24 Double-Bit Axe
14:21 Horse Collar
18:07 Fletching
24:12 Castle Age
26:04 Crossbowman
26:42 Bodkin Arrow
26:47 Padded Archer Armor
26:53 Gold Mining
27:15 Bow Saw
27:08 Heavy Plow
29:40 Leather Archer Armor
32:49 Ballistics
36:51 Imperial Age
Drookns
8:20 Loom
10:54 Feudal Age
17:53 Castle Age
17:06 Double-Bit Axe
17:53 Bloodlines
20:31 Scale Barding Armor
22:07 Chain Barding Armor
22:52 Husbandry
27:02 Demolition Ship
38:12 Imperial Age
anonymer Alfred
1:53 Loom
2:16 Loom
13:42 Feudal Age
14:05 Horse Collar
14:17 Gold Mining
14:15 Double-Bit Axe
14:18 Town Watch
18:57 Wheelbarrow
21:43 Castle Age
19:35 Stone Mining
20:30 Fishing Lines
22:15 Fletching
22:39 Padded Archer Armor
22:56 Gillnets
23:18 Medium Warships
22:33 Elite Skirmisher
24:43 Bow Saw
26:11 Heavy Plow
26:51 Stone Shaft Mining
28:13 Bodkin Arrow
28:34 Leather Archer Armor
29:20 Gold Shaft Mining
32:05 Scale Barding Armor
32:40 Hand Cart
32:37 Treadmill Crane
33:18 Ballistics
34:29 Fortified Bastions
kocicky€€€
7:55 Loom
11:10 Feudal Age
13:46 Double-Bit Axe
15:06 Wheelbarrow
17:05 Horse Collar
19:34 Castle Age
17:38 Horse Collar
18:23 Fletching
20:33 Gold Mining
20:34 Elite Skirmisher
21:38 Bow Saw
22:02 Padded Archer Armor
25:13 Town Watch
26:26 Heavy Plow
27:19 Ballistics
26:57 Stone Mining
28:17 Crossbowman
30:46 Leather Archer Armor
34:52 Imperial Age
36:46 Chemistry
36:10 Yeomen
Pegasus75
10:20 Loom
12:06 Feudal Age
16:51 Castle Age
16:40 Wheelbarrow
15:55 Man-at-Arms
17:00 Long Swordsman
18:01 Double-Bit Axe
23:35 Horse Collar
23:56 Elite Skirmisher
27:21 Bow Saw
shelvey
10:33 Feudal Age
14:41 Castle Age
21:46 Double-Bit Axe
23:48 Loom
25:50 Horse Collar
29:10 Wheelbarrow
31:52 Imperial Age
30:03 Husbandry
30:13 Bloodlines
30:18 Forging
32:50 Scale Barding Armor
32:13 Pikeman
33:25 Hand Cart
33:19 Light Cavalry
34:09 Gold Mining
34:26 Heavy Plow
34:26 Town Watch
35:18 Siege Engineers
35:18 Town Patrol
35:48 Bow Saw
35:29 Stone Mining
36:23 Iron Casting
Connection lost

Rejoining the realm…

Still unreachable

The connection could not be restored.

Session expired

The server has moved on; the page needs a fresh start.